 Dungeon Crawl Stone Soup version 0.29.1-2-gbd0b4ee654 (webtiles) character file.

Game seed: 15185012462544909211

3 Icepheonix32 the Insei (level 1, 0/13 HPs)
             Began as an Octopode Transmuter on Nov 17, 2022.
             Slain by a kobold
             ... wielding a +0 dagger
              (1 damage)
             ... on level 1 of the Dungeon.
             The game lasted 00:00:07 (21 turns).

Icepheonix32 the Insei (Octopode Transmuter)          Turns: 21, Time: 00:00:08

Health: 0/13       AC:  1    Str:  9    XL:     1   Next: 50%
Magic:  2/3        EV: 13    Int: 15    God:
Gold:   0          SH:  0    Dex: 12    Spells: 3/4 levels left

rFire   . . .      SeeInvis .     - Unarmed
rCold   . . .      Faith    .   (no shield)
rNeg    . . .      Spirit   .   (helmet restricted)
rPois   .          Reflect  .   (no amulet)
rElec   .          Harm     .   (no ring)
rCorr   .          Rampage  .   (no ring)
Will    .....                   (no ring)
Stlth   ++........              (no ring)
HPRegen 0.04/turn               (no ring)
MPRegen 0.08/turn               (no ring)
                                (no ring)
                                (no ring)

@: no status effects
A: almost no armour, amphibious, 8 rings, camouflage 1, gelatinous body 1,
(nimble swimmer 1), tentacles
a: no special abilities


You were on level 1 of the Dungeon.
You visited 1 branch of the dungeon, and saw 1 of its levels.

Inventory:

Potions
 a - a potion of lignification


   Skills:
 + Level 1.0 Fighting
 * Level 2.0 Dodging
 + Level 3.1 Unarmed Combat
 + Level 2.0 Spellcasting
 + Level 2.0 Transmutations


You had 3 spell levels left.
You knew the following spells:

 Your Spells              Type           Power      Damage    Failure   Level
a - Beastly Appendage     Tmut           14%        N/A       10%         1

Your spell library contained the following spells:

 Spells                   Type           Power      Damage    Failure   Level
 Wereblood                Tmut           7%         N/A       14%         2
 Spider Form              Tmut/Pois      4%         N/A       41%         3
 Ice Form                 Ice/Tmut       4%         N/A       82%         4


Dungeon Overview and Level Annotations

Branches:
Dungeon (1/15)

Altars:

Annotations:
D:1 2 transporters


Innate Abilities, Weirdness & Mutations

You cannot wear most types of armour.
You are amphibious.
You can wear up to eight rings at the same time.
Your skin changes colour to match your surroundings (Stealth+).
Your rubbery body absorbs attacks. (AC +1, EV +1)
((You are camouflaged when in or above water. (Stealth+)))
You have tentacles for arms and can constrict up to eight enemies at once.


Message History

The hobgoblin is moderately wounded.
You constrict the hobgoblin, but do no damage.
You tentacle-slap the hobgoblin. You squeeze the hobgoblin.
You kill the hobgoblin!
A kobold comes into view. It is wielding a +0 dagger.
You see here a hobgoblin corpse.
You tentacle-slap the rat.
You kill the rat!
The hobgoblin hits you.
* * * LOW HITPOINT WARNING * * *
You see here a rat corpse.
You are too injured to fight recklessly!
You are too injured to fight recklessly!
You tentacle-slap the hobgoblin. You grab the hobgoblin.
The hobgoblin is moderately wounded.
You constrict the hobgoblin, but do no damage.
The hobgoblin hits you.
* * * LOW HITPOINT WARNING * * *
Unknown command.
You tentacle-slap the hobgoblin.
The hobgoblin is heavily wounded.
You constrict the hobgoblin. The hobgoblin misses you.
You completely miss the hobgoblin.
You tentacle-slap the hobgoblin, but do no damage.
The hobgoblin is severely wounded.
You constrict the hobgoblin, but do no damage.
The kobold barely misses you. The hobgoblin hits you.
* * * LOW HITPOINT WARNING * * *
Unknown command.
You tentacle-slap the hobgoblin but do no damage.
You pierce the hobgoblin, but do no damage.
You squeeze the hobgoblin.
You kill the hobgoblin!
Your tentacle spike disappears.
The kobold barely misses you.
Unknown command.
You barely miss the kobold. You grab the kobold.
You constrict the kobold, but do no damage.
The kobold hits you with a +0 dagger.
You die...

... #.≈~.©<©.~≈≈≈ ....
#.≈≈~.⌠.~~≈≈≈ ....
#.≈≈~~~~≈≈≈≈≈ .....
#.~≈≈≈≈≈≈≈≈≈≈ .....####
#.#≈≈≈≈≈~~~~~
........####.#≈≈≈≈≈~.⌠.~
#.........#≈≈≈≈~.©>©.
###...K####...~≈≈≈~...~
#.....@# ###.≈≈≈≈≈~.~~
###...†# #.≈≈≈≈≈≈≈.
#....# #..~≈≈≈≈. #....#
..~~≈ #....# .... #....#
#### #....# #....#


You could see a kobold.

Vanquished Creatures
  2 hobgoblins (D:1)
  A rat (D:1)
3 creatures vanquished.

Notes
Turn   | Place    | Note
-------+----------+-------------------------------------------
     0 | D:1      | Icepheonix32 the Octopode Transmuter began the quest for
                  | the Orb.
     0 | D:1      | Reached XP level 1. HP: 13/13 MP: 3/3
    21 | D:1      | Slain by a kobold

Illustrated notes

Levels and vault maps discovered:
D:1:      spicycebolla_arrival_transporter_tutorial, layout_basic,
          shapermc_ecumenical_altar_mp_highgroup, minmay_misc_feat_more_columns,
          supply_closet_lemuel, minmay_door_square

Action                   || total
-------------------------++-------
Melee: Unarmed           ||     8
       Constrict         ||     3
       Tentacles         ||     3
       Kick              ||     1
       Punch             ||     1
 Cast: Beastly Appendage ||     1
Dodge: Dodged            ||     3
